 Dungeon Crawl Stone Soup version 0.32-a0-814-g0968bab981 (webtiles) character file.

Game seed: 15608174344955367336

150 GeoRichter the Slasher (level 5, -9/38 HPs)
             Began as a Demonspawn Warper on Mar 22, 2024.
             Mangled by an ice beast (10 damage)
             ... on level 5 of the Dungeon.
             The game lasted 00:05:25 (3374 turns).

GeoRichter the Slasher (Demonspawn Warper)          Turns: 3374, Time: 00:05:26

Health: -9/38      AC:  8    Str: 11    XL:     5   Next: 10%
Magic:  8/8        EV:  9    Int: 13    God:
Gold:   241        SH:  4    Dex: 15    Spells: 8/8 levels left

rFire   . . .        n - +2 dagger (flame)
rCold   . . .        (no shield)
rNeg    . . .        s - +0 ring mail
rPois   .            (no helmet)
rElec   .            (no cloak)
rCorr   .            b - +0 pair of gloves
SInv    .            (no boots)
Will    .....        h - amulet of magic regeneration
Stlth   +            (no ring)
HPRegen 0.26/turn    (no ring)
MPRegen 0.51/turn

%: no passive effects
@: invisible
A: icy blue scales 1, condensation shield
a: no special abilities


You were on level 5 of the Dungeon.
You visited 1 branch of the dungeon, and saw 5 of its levels.

You collected 241 gold pieces.

Inventory:

Hand Weapons
 a - a +0 falchion
 n - a +2 dagger of flaming (weapon)
   (You took it off a goblin on level 2 of the Dungeon)
Missiles
 d - 7 darts of dispersal {!f}
 u - 2 poisoned darts (quivered)
Armour
 b - a +0 pair of gloves (worn)
   (You found it on level 4 of the Dungeon)
 s - a +0 ring mail (worn)
   (You found it on level 4 of the Dungeon)
Jewellery
 h - an amulet of magic regeneration (around neck)
   (You found it on level 2 of the Dungeon)
 r - a +6 ring of intelligence
   (You found it on level 3 of the Dungeon)
Scrolls
 c - 2 scrolls of blinking
 e - a scroll of summoning {unknown}
 k - a scroll of enchant armour {unknown}
 m - a scroll of revelation {unknown}
 q - a scroll of immolation {unknown}
 t - a scroll of vulnerability {unknown}
Potions
 f - a potion of lignification {unknown}
 g - 2 potions of curing {unknown}
 j - a potion of mutation {unknown}
 l - 2 potions of haste {unknown}
 o - 2 potions of attraction {!q}
 p - a potion of magic {unknown}


   Skills:
 - Level 2.0 Fighting
 * Level 4.9 Long Blades
 - Level 0.8 Throwing
 - Level 0.8 Armour
 - Level 1.7 Dodging
 - Level 2.0 Spellcasting
 - Level 2.6 Translocations


You had 8 spell levels left.
You didn't know any spells.
Your spell library contained the following spells:

 Spells                   Type           Power      Damage    Failure   Level
 Blink                    Tloc           16%        N/A       30%         2
 Lesser Beckoning         Tloc           16%        N/A       30%         2
 Sandblast                Erth           2%         2d4       52%         1
 Teleport Other           Tloc           8%         N/A       52%         3
 Volatile Blastmotes      Fire/Tloc      8%         2d10      71%         3
 Dazzling Flash           Conj/Hex       2%         N/A       88%         3
 Stone Arrow              Conj/Erth      2%         3d7       88%         3
 Manifold Assault         Tloc           8%         N/A       90%         4
 Iskenderun's Mystic Bla  Conj/Tloc      4%         2d3       98%         4
 Vhi's Electric Charge    Tloc/Air       8%         N/A       98%         4
 Brom's Barrelling Bould  Conj/Erth      1%         2d3       99%         4
 Fulminant Prism          Conj/Alch      0%         3d5       99%         4
 Starburst                Conj/Fire      0%         6d3       100%        6
 Maxwell's Capacitive Co  Air            0%         ∞         100%        8


Dungeon Overview and Level Annotations

Branches:
Dungeon (5/15) Zot: 26620
 Temple: D:4-7

Altars:
Ru

Annotations:
D:4 exclusion: 5 doors


Innate Abilities, Weirdness & Mutations

You are partially covered in icy blue scales. (AC +2)
A meltable shield of frost defends you. (SH +4)


Message History

You barely miss the ice beast. The ice beast hits you.
The ice beast freezes you!
* * * LOW HITPOINT WARNING * * *
You fade into invisibility!
The ice beast closely misses you.
There is a stone staircase leading up here.
There is an escape hatch in the floor here.
There is a stone staircase leading up here.
You hit the ice beast.
You melt the ice beast.
The ice beast is lightly wounded.
You catch the helpless ice beast completely off-guard!
You puncture the ice beast!
You melt the ice beast.
The ice beast is heavily wounded.
The ice beast hits you but does no damage.
You closely miss the ice beast.
The ice beast is heavily wounded.
The ice beast hits you but does no damage.
You hit the ice beast but do no damage.
The ice beast is heavily wounded.
The ice beast hits you.
* * * LOW HITPOINT WARNING * * *
The ice beast freezes you!
* * * LOW HITPOINT WARNING * * *
You hit the ice beast but do no damage.
The ice beast is heavily wounded.
The ice beast misses you.
You hit the ice beast but do no damage.
The ice beast is heavily wounded.
The ice beast closely misses you.
You strike the helpless ice beast from behind!
You hit the ice beast.
You melt the ice beast.
The ice beast is severely wounded.
The ice beast closely misses you.
You hit the ice beast but do no damage.
The ice beast is severely wounded.
The ice beast closely misses you.
You hit the ice beast.
You melt the ice beast.
The ice beast is almost dead.
You closely miss the ice beast.
The ice beast is almost dead.
The ice beast hits you but does no damage.
You closely miss the ice beast.
The ice beast is almost dead.
The ice beast hits you but does no damage.
You hit the ice beast but do no damage.
The ice beast is almost dead.
The ice beast hits you.
* * * LOW HITPOINT WARNING * * *
The ice beast freezes you!
You die...

...######## .........#
#.......##
#........### ##
#........... ...
#####...>...### ....
.............# .....
#####...|..Y.###......
###.....@.........
##########...... .....
.... ... ##


You could see an ice beast (unable to see you).

Vanquished Creatures
  An iguana (D:4)
  4 adders
  A dart slug (D:1)
  2 ribbon worms (D:2)
  3 orcs
  10 ball pythons
  8 endoplasms
  5 giant cockroaches
  6 goblins
  4 hobgoblins
  2 jackals (D:4)
  2 quokkas
  4 bats
  2 frilled lizards
  14 kobolds
  7 rats
75 creatures vanquished.

Notes
Turn   | Place    | Note
-------+----------+-------------------------------------------
     0 | D:1      | GeoRichter the Demonspawn Warper began the quest for the
                  | Orb.
     0 | D:1      | Reached XP level 1. HP: 16/16 MP: 3/3
    54 | D:1      | Reached skill level 2 in Long Blades
   149 | D:1      | Gained mutation: A meltable shield of frost defends you.
                  | (SH +4) [demonic ancestry]
   149 | D:1      | Reached XP level 2. HP: 22/22 MP: 5/5
   329 | D:1      | Reached skill level 3 in Long Blades
   356 | D:1      | You fall into a shaft and drop 1 floor!
   583 | D:1      | Gained mutation: You are partially covered in icy blue
                  | scales. (AC +2) [demonic ancestry]
   583 | D:1      | Reached XP level 3. HP: 27/27 MP: 6/6
  1782 | D:3      | Reached XP level 4. HP: 33/33 MP: 7/7
  1958 | D:3      | Reached skill level 4 in Long Blades
  2590 | D:4      | Noticed a black bear
  2630 | D:4      | Found a sacrificial altar of Ru.
  3001 | D:4      | Reached XP level 5. HP: 20/38 MP: 8/8
  3340 | D:5      | Entered Level 5 of the Dungeon
  3340 | D:5      | Noticed an ice beast
  3374 | D:5      | HP: 1/38 [ice beast (3)]
  3374 | D:5      | Mangled by an ice beast

Illustrated notes

Levels and vault maps discovered:
D:1:      roderic_chinese_lattice_arrival, layout_basic, chequers_arboretum
D:2:      layout_basic, serial_corexii_hall, chequers_hall_statues_wall_a,
          chequers_hall_statues_y, minivault_14, grunt_ministairs_7
D:3:      layout_basic
D:4:      minmay_octagon_keep, layout_cave_pods,
          mainiacjoe_overflow_six_doors_small, nicolae_overflow_crystal_walls,
          grunt_ministairs_13, uniq_blork_the_orc
D:5:      layout_rooms, bloody_makhleb, lemuel_doored_altar

Skill      XL: |  1  2  3  4 |
---------------+-------------+-----
Long Blades    | 2 3 4 |  4.9
Fighting       | |  2.0
Throwing       | |  0.8
Armour         | |  0.8
Dodging        | |  1.7
Spellcasting   | |  2.0
Translocations | |  2.6

Action                     |  1- 3 |  4- 6 || total
---------------------------+-------+-------++-------
  Melee: Falchion          |   142 |       ||   142
         Dagger            |    32 |    97 ||   129
    Use: Scroll            |     2 |       ||     2
         Potion            |       |     1 ||     1
   Stab: Sleeping          |     1 |       ||     1
         Invisible         |       |     2 ||     2
 Armour: Leather armour    |   108 |    14 ||   122
         Ring mail         |       |    38 ||    38
  Dodge: Dodged            |    93 |    28 ||   121
  Block: Other             |    26 |    13 ||    39

Table legend: (Time is in decaauts)
 A = Elapsed time spent in this place.
 B = Non-inter-level travel time spent in this place.
 C = Inter-level travel time spent in this place.
 D = Time resting spent in this place.
 E = Time spent auto-exploring this place.
 F = Levels seen in this place.
 G = Mean time per level.
                   A        B        C        D        E       F      G
               +--------+--------+--------+--------+--------+-----+--------+
         Total |   3379 |   3235 |    144 |    212 |   2276 |   5 |  675.8 |
       Dungeon |   3379 |   3235 |    144 |    212 |   2276 |   5 |  675.8 |
               +--------+--------+--------+--------+--------+-----+--------+

Top non-repeatable levels by time:
     D:2: 1029 daAuts
     D:4: 914 daAuts
     D:1: 737 daAuts
     D:3: 666 daAuts
     D:5: 31 daAuts
